AoeStats
← ordulops007

Arabian Desert

510055029Analyzed
1v1 RM · 4d ago on Sep 29, 2026· 24m 47s· 2 players
Game mode
Random Map
Map size
Tiny (2 player)
Population
200
Speed
Normal
Resources
Standard
Victory
Conquest
Starting age
Dark Age
Ending age
Imperial Age
RankedLock teamsTeams togetherTeam positionsShared explorationLock speedFull tech treeHidden civsTurbo modeCheats
Victory
Defeat
🇬🇧 Mongols · United Kingdom
1246
+13
🇪🇪 Varangians · Estonia
1173
-13
ordulops007
8:07 Loom
10:08 Feudal Age
11:28 Double-Bit Axe
18:19 Fletching
21:54 Castle Age
21:28 Padded Archer Armor
22:09 Crossbowman
DoYouThinkThatsWise
6:56 Loom
9:07 Feudal Age
10:32 Double-Bit Axe
18:30 Castle Age
18:23 Fletching
18:33 Padded Archer Armor
19:19 Bodkin Arrow
21:54 Ballistics
23:00 Wheelbarrow
22:48 Elite Skirmisher
Connection lost

Rejoining the realm…

Still unreachable

The connection could not be restored.

Session expired

The server has moved on; the page needs a fresh start.